AoeStats
← ☆寒星霞芒☆

Arena

507993430Analyzed
4v4 RM · 13d ago on Sep 20, 2026· 40m 5s· 8 players
Game mode
Random Map
Map size
Large (8 player)
Population
200
Speed
Normal
Resources
Standard
Victory
Conquest
Starting age
Dark Age
Ending age
Imperial Age
RankedLock teamsTeams togetherTeam positionsShared explorationLock speedFull tech treeHidden civsTurbo modeCheats
Victory
Defeat
🇨🇳 Italians · China
1310
+16
🇨🇳 Muisca · China
1305
+16
🇨🇳 Jurchens · China
1263
+18
🇹🇼 Goths · Taiwan
1358
-18
🇹🇼 Shu · Taiwan
1352
-18
🇹🇼 Turks · Taiwan
1352
-18
🇹🇼 Bulgarians · Taiwan
1188
-11
icu monster
10:50 Feudal Age
12:20 Horse Collar
12:28 Double-Bit Axe
15:18 Castle Age
14:32 Gold Mining
15:51 Loom
17:57 Wheelbarrow
17:44 Scale Mail Armor
18:35 Squires
23:44 Forging
28:56 Chain Mail Armor
30:10 Iron Casting
30:40 Town Watch
31:05 Champi Runner
32:45 Hand Cart
32:31 Champi Warrior
休眠玩家 精锐条顿骑士 一步杀十人
0:28 Loom
10:48 Feudal Age
14:55 Castle Age
13:13 Stone Mining
13:43 Double-Bit Axe
14:00 Horse Collar
14:41 Gold Mining
15:50 Bow Saw
20:39 Fletching
25:32 Wheelbarrow
24:44 Town Watch
29:17 Imperial Age
28:07 Hand Cart
28:18 Bodkin Arrow
31:06 Chemistry
30:08 Bracer
33:43 Elite Plumed Archer
35:30 Coinage
36:40 Banking
37:22 Conscription
38:27 Ballistics
打咩哟~
10:09 Feudal Age
14:44 Castle Age
13:02 Horse Collar
13:31 Double-Bit Axe
17:42 Stone Mining
25:38 Imperial Age
25:08 Squires
24:54 Arson
26:28 Wheelbarrow
26:23 Loom
26:28 Pikeman
27:55 Scale Mail Armor
37:07 Wheelbarrow
38:21 Chemistry
36:50 Onager
☆寒星霞芒☆
11:08 Feudal Age
12:19 Double-Bit Axe
12:20 Horse Collar
15:22 Castle Age
16:19 Bow Saw
16:29 Heavy Plow
19:15 Loom
21:49 Gold Mining
23:14 Wheelbarrow
23:57 Gold Shaft Mining
24:32 Hand Cart
28:10 Imperial Age
26:14 Scale Barding Armor
26:19 Forging
26:56 Bloodlines
26:46 Husbandry
27:45 Chain Barding Armor
28:21 Iron Casting
29:27 Plate Barding Armor
28:56 Elite Steppe Lancer
31:29 Blast Furnace
爽爽鴕鳥
11:26 Feudal Age
13:01 Double-Bit Axe
15:52 Castle Age
14:18 Horse Collar
16:37 Wheelbarrow
16:48 Bow Saw
16:53 Heavy Plow
18:17 Loom
21:13 Fletching
28:55 Imperial Age
27:29 Bodkin Arrow
28:47 Hand Cart
28:55 Gold Mining
29:05 Stone Mining
29:36 Town Watch
29:53 Padded Archer Armor
30:39 Masonry
31:16 Murder Holes
32:40 Architecture
打門五郎
10:24 Feudal Age
11:35 Double-Bit Axe
14:29 Castle Age
12:38 Horse Collar
13:26 Gold Mining
15:21 Wheelbarrow
16:08 Bow Saw
20:08 Wheelbarrow
21:17 Scale Barding Armor
22:37 Scale Mail Armor
27:10 Hand Cart
27:42 Chain Barding Armor
27:27 Loom
30:11 Gold Shaft Mining
34:55 Imperial Age
37:26 Chemistry
包皮微長的狗腿
11:21 Feudal Age
15:17 Castle Age
13:19 Horse Collar
14:13 Double-Bit Axe
19:12 Bow Saw
19:55 Heavy Plow
24:14 Gold Mining
25:25 Stone Mining
25:32 Loom
26:44 Wheelbarrow
29:42 Imperial Age
26:44 Pikeman
27:28 Squires
28:21 Scale Barding Armor
28:17 Scale Mail Armor
28:27 Forging
28:30 Anarchy
29:07 Hand Cart
29:25 Town Watch
30:17 Iron Casting
29:50 Halberdier
31:01 Conscription
30:19 Capped Ram
31:27 Chain Mail Armor
35:29 Stone Shaft Mining
35:57 Blast Furnace
36:59 Fletching
37:29 Perfusion
36:52 Elite Huskarl
39:17 Perfusion
包皮特長的狗腿
12:27 Feudal Age
16:29 Castle Age
14:27 Gold Mining
14:24 Double-Bit Axe
20:57 Imperial Age
18:12 Horse Collar
20:30 Bow Saw
Connection lost

Rejoining the realm…

Still unreachable

The connection could not be restored.

Session expired

The server has moved on; the page needs a fresh start.